 Dungeon Crawl Stone Soup version 0.27-b1-23-g44b8eac545 (webtiles) character file.

Game seed: 5560924082311008270

36 mhtbhm the Covered (level 3, -7/29 HPs)
             Began as a Human Fighter on July 27, 2021.
             Mangled by a gnoll (9 damage)
             ... on level 2 of the Dungeon.
             The game lasted 00:01:08 (1545 turns).

mhtbhm the Covered (Human Fighter)                  Turns: 1545, Time: 00:01:08

Health: -7/29      AC:  6    Str: 17    XL:     3   Next: 57%
Magic:  3/3        EV:  7    Int:  8    God:
Gold:   31         SH:  9    Dex: 12    Spells: 2/2 levels left

rFire    . . .     SeeInvis .   a - +0 long sword
rCold    . . .     Faith    .   c - +0 kite shield
rNeg     . . .     Spirit   .   b - +0 scale mail
rPois    .         Reflect  .   (no helmet)
rElec    .         Harm     .   (no cloak)
rCorr    .         Rampage  .   (no gloves)
Will     .....                  (no boots)
Stlth    ..........             (no amulet)
HPRegen  0.09/turn              (no ring)
MPRegen  0.08/turn              (no ring)

@: brilliant, attractive, flying
A: no striking features
a: no special abilities


You were on level 2 of the Dungeon.
You visited 1 branch of the dungeon, and saw 2 of its levels.

You collected 31 gold pieces.

Inventory:

Hand Weapons
 a - a +0 long sword (weapon)
Armour
 b - a +0 scale mail (worn)
 c - a +0 kite shield (worn)
Scrolls
 h - 2 scrolls of identify {unknown}
 i - a scroll of vulnerability {unknown}
 k - a scroll of fog {unknown}
Potions
 d - a potion of might
 l - a potion of ambrosia {unknown}


   Skills:
 + Level 3.0 Fighting
 + Level 2.3 Long Blades
 + Level 3.6 Armour
 + Level 0.3 Dodging
 + Level 3.4 Shields


You had 2 spell levels left.
You didn't know any spells.
Your spell library was empty.

Dungeon Overview and Level Annotations

Branches:
Dungeon (2/15)

Altars:


Message History

The gnoll hits you from afar with a +0 spear.
The gnoll hits you from afar with a +0 halberd!
* * * LOW HITPOINT WARNING * * *
You block the gnoll's attack.
It was a potion of flight.
You feel very buoyant.
You fly up into the air.
You block the gnoll's attack.
It was a potion of attraction.
You feel attractive to monsters. You block the gnoll's attack.
The gnoll is pulled toward you! x3
It was a potion of heal wounds.
You feel much better. You block the gnoll's attack.
The gnoll hits you but does no damage.
You aren't carrying any items that you can evoke.
Unknown command.
You hit the gnoll.
The gnoll is lightly wounded.
You block the gnoll's attack. The gnoll barely misses you.
You barely miss the gnoll.
The gnoll is lightly wounded.
You block the gnoll's attack. x2; The gnoll hits you with a +0 halberd.
The gnoll hits you from afar with a +0 spear.
You closely miss the gnoll.
The gnoll is lightly wounded.
You block the gnoll's attack.
The gnoll hits you from afar with a +0 spear.
You hit the gnoll.
The gnoll is heavily wounded.
You block the gnoll's attack. The gnoll barely misses you.
The gnoll hits you with a +0 halberd. The gnoll barely misses you.
You hit the gnoll but do no damage.
The gnoll is heavily wounded.
The gnoll barely misses you.
You riposte.
You hit the gnoll.
The gnoll is heavily wounded.
The gnoll hits you from afar with a +0 spear.
The gnoll hits you with a +0 halberd!
* * * LOW HITPOINT WARNING * * *
It was a potion of brilliance.
You feel clever all of a sudden. You block the gnoll's attack.
The gnoll hits you with a +0 halberd!
You die...

######## #.(..... ## ######
#.######
#.###....#############.#####.
#.......ggg@...............#
##.#.##############.#.###..#
#.##.# ###.#.##.#.. #g# #.#
#########........... ## #.#
#...........#.####.# #.#
#.#######...#.###... #.#
#...........#... #.#
#.###...#.#.#.#.
##.###...#.....#.


You could see 3 gnolls.

Vanquished Creatures
  A dart slug (D:1)
  2 endoplasms (D:1)
  2 giant cockroaches (D:1)
  A goblin (D:1)
  4 hobgoblins
  3 jackals (D:2)
  A quokka (D:1)
  5 ball pythons (D:1)
  4 bats
  3 frilled lizards
  2 kobolds (D:1)
  2 rats
30 creatures vanquished.

Notes
Turn   | Place    | Note
-------+----------+-------------------------------------------
     0 | D:1      | mhtbhm the Human Fighter began the quest for the Orb.
     0 | D:1      | Reached XP level 1. HP: 18/18 MP: 1/1
   339 | D:1      | Reached XP level 2. HP: 18/24 MP: 2/2
   854 | D:1      | Reached XP level 3. HP: 24/29 MP: 3/3
  1545 | D:2      | Mangled by a gnoll

Illustrated notes

Levels and vault maps discovered:
D:1:      eino_arrival_cavern_e, layout_loops_ring
D:2:      layout_loops_ring, shapermc_ecumenical_altar_notcrosses

Action                   || total
-------------------------++-------
Melee: Long sword        ||   109
  Use: Potion            ||     4
Armor: Scale mail        ||    48
Dodge: Dodged            ||    37
Block: Kite shield       ||    72
       Rpst.: Long sword ||    10
